 Dungeon Crawl Stone Soup version 0.31-a0-949-g57150269e1 (webtiles) character file.

Game seed: 842569873721241129

25564 miscthings the Mimic (level 12, -2/118 HPs)
             Began as a Troll Shapeshifter on Oct 22, 2023.
             Was a Follower of Ru.
             Slain by Snorg (6 damage)
             ... on level 13 of the Dungeon.
             The game lasted 00:30:58 (10115 turns).

miscthings the Mimic (Troll Shapeshifter)          Turns: 10115, Time: 00:30:59

Health: -2/118     AC: 12    Str: 25    XL:     12   Next: 90%
Magic:  11/11      EV: 22    Int:  6    God:    Ru [*.....]
Gold:   683        SH:  0    Dex: 13    Spells: 11/11 levels left

rFire   . .          .
                       - Unarmed
rCold   . . .        t - melded +0 kite shield
rNeg    . . .        M - +0 acid dragon scales
rPois   .            (helmet restricted)
rElec   .            u - +2 cloak
rCorr   +            (gloves unavailable)
SInv    .            (boots unavailable)
Will    +....        (no amulet) Stlth
                     l - +5 ring of evasion
HPRegen 1.19/turn    H - +5 ring of evasion
MPRegen 0.12/turn

%: no passive effects
@: flux-form, glowing
A: glow, contaminating, large, unfitting armour, claws 3, regeneration 1, shaggy
fur 1, tough skin 1, no stealth, no air magic, no summoning magic, no
transmutations magic, strong-willed 1
a: Begin Untransformation, Renounce Religion


You were on level 13 of the Dungeon.
You worshipped Ru.
Ru was aware of your devotion.
You were something dangerously unstable.
You visited 1 branch of the dungeon, and saw 14 of its levels.

You collected 804 gold pieces.
You spent 121 gold pieces at shops.

Inventory:

Missiles
 A - 5 throwing nets
 E - 3 curare-tipped darts (quivered)
Armour
 t - a +0 kite shield (melded)
 u - a +2 cloak (worn)
 G - the +1 robe of Chimes {rC+}
   (You took it off a gnoll on level 11 of the Dungeon)

   rC+:       It protects you from cold.
 L - a +0 troll leather armour
 M - +0 acid dragon scales (worn)
Jewellery
 l - a +5 ring of evasion (left claw)
 p - a ring of ice
 C - a ring of protection from fire
 D - a ring of magical power
 H - a +5 ring of evasion (right claw)
 N - a ring of wizardry
Talismans
 c - a beast talisman
 d - a flux talisman (active)
 v - a blade talisman
 x - a talisman of death
Wands
 w - a wand of mindburst (5)
 y - a wand of paralysis (4)
 B - a wand of flame (21)
 F - a wand of roots (5)
 J - a wand of quicksilver (2)
Scrolls
 a - a scroll of fog {unknown}
 b - a scroll of noise
 e - a scroll of revelation
 f - a scroll of poison
 h - 2 scrolls of blinking
 i - a scroll of brand weapon {unknown}
 n - 2 scrolls of immolation
 o - a scroll of amnesia
 s - a scroll of enchant armour
 I - a scroll of summoning {unknown}
 K - 2 scrolls of teleportation
Potions
 g - 2 potions of magic
 k - 2 potions of haste
 q - a potion of invisibility
 r - 4 potions of attraction
 z - 3 potions of enlightenment
 O - a potion of resistance {unknown}
 P - 2 potions of cancellation {unknown}
 Q - 2 potions of mutation
 R - a potion of might


   Skills:
 + Level 7.2 Fighting
 - Level 6.0 Armour
 + Level 7.2 Dodging
 - Level 3.0 Unarmed Combat
 * Level 9.4 Evocations
 + Level 11.6 Shapeshifting


You had 11 spell levels left.
You didn't know any spells.
Your spell library contained the following spells:

 Spells                   Type           Power      Damage    Failure   Level
 Freeze                   Ice            0%         1d3       52%         1
 Lesser Beckoning         Tloc           0%         N/A       65%         2
 Sublimation of Blood     Necr           0%         N/A       65%         2
 Frozen Ramparts          Ice            0%         1d1       87%         3
 Gell's Gravitas          Tloc           0%         N/A       87%         3
 Hailstorm                Conj/Ice       0%         3d3       87%         3
 Sigil of Binding         Hex            0%         N/A       87%         3
 Teleport Other           Tloc           0%         N/A       87%         3
 Anguish                  Hex/Necr       0%         N/A       99%         4
 Cause Fear               Hex            0%         N/A       99%         4
 Dimensional Bullseye     Hex/Tloc       0%         N/A       99%         4
 Leda's Liquefaction      Hex/Erth       0%         N/A       99%         4
 Olgreb's Toxic Radiance  Pois           0%         N/A       99%         4
 Enfeeble                 Hex            0%         N/A       100%        7
 Shock                    Conj/Air       Unusable   1d3       N/A         1
 Sting                    Tmut/Pois      Unusable   1d3       N/A         1
 Poisonous Vapours        Pois/Air       Unusable   N/A       N/A         2
 Call Canine Familiar     Summ           Unusable   N/A       N/A         3
 Swiftness                Air            Unusable   N/A       N/A         3
 Airstrike                Air            Unusable   2d(0-16)  N/A         4
 Petrify                  Tmut/Erth      Unusable   N/A       N/A         4
 Irradiate                Conj/Tmut      Unusable   3d11      N/A         5
 Malign Gateway           Summ/Tloc      Unusable   N/A       N/A         7
 Summon Horrible Things   Summ           Unusable   N/A       N/A         8

Dungeon Overview and Level Annotations

Branches:
Dungeon (14/15)            Temple (0/1) D:6            Lair (0/5) D:9
    Orc (0/2) D:9
 Vaults: D:13-14

Altars:
Dithmenos
Gozag
Nemelex Xobeh
Ru
Trog
Uskayaw

Shops:
D:3 ([?   D:12 [   D:14 !

Annotations:
D:5 2 runed translucent doors
D:13 Snorg


Innate Abilities, Weirdness & Mutations

You are something dangerously unstable.
You glow with magical radiation, making you easy to see and hit.
Foes you strike become dangerously contaminated with magical radiation.
You are incapable of wielding weapons or throwing items.
You are too large for most types of armour.
You have claws for hands.
Your natural rate of healing is unusually fast.
You are covered in fur. (AC +1)
You have tough skin. (AC +1)
You cannot be stealthy.
You cannot study or cast Air magic.
You cannot study or cast Summoning magic.
You cannot study or cast Transmutations magic.
You are strong-willed. (Will+)


Message History

* * * LOW HITPOINT WARNING * * *
The meliai invokes the aid of its god against you.
Something smites you!
* * * LOW HITPOINT WARNING * * *
Okay, then.
Snorg attacks as she pursues you! Snorg bites you.
* * * LOW HITPOINT WARNING * * *
Snorg claws you.
* * * LOW HITPOINT WARNING * * *
Snorg completely misses you.
Aiming: Fastroot
Press: ? - help, Shift-Dir - straight line, f - meliai, p - Snorg
Aim: a meliai, wielding a +0 hand axe and wearing a +0 robe (moderately wounded, contaminated)
The roots erupt in riotous growth!
Roots grab the meliai.
Roots grab Snorg.
Roots grab the gargoyle.
The grasping roots constrict Snorg!
The grasping roots constrict the meliai.
The grasping roots constrict the gargoyle.
You hear a bellow!
The meliai hits you but does no damage. The meliai completely misses you.
Snorg completely misses you. x2; Snorg claws you.
* * * LOW HITPOINT WARNING * * *
The meliai hits you but does no damage. The meliai stings you.
* * * LOW HITPOINT WARNING * * *
You feel better.
The grasping roots constrict Snorg!
The grasping roots constrict the meliai!
The grasping roots constrict the gargoyle!
The meliai barely misses you. x2; Snorg completely misses you.
Snorg closely misses you. Snorg claws you but does no damage.
The meliai hits you but does no damage. The meliai stings you.
* * * LOW HITPOINT WARNING * * *
Snorg misses you. Snorg claws you.
* * * LOW HITPOINT WARNING * * *
Snorg misses you.
You claw the meliai!
You kill the meliai!
The grasping roots constrict Snorg.
The grasping roots constrict the gargoyle.
The roots release their grip on Snorg.
Snorg misses you. Snorg claws you.
You die...

...# ...#
.########...#
............##.
...............
.............
#.)9....... #.T)# ..
#..p# ...
#..)######...
#................
#................
#..............>
#.............#
#.............###
###...................
......................


You could see Snorg (berserk, misshapen) and a gargoyle (rooted).

Vanquished Creatures
  Josephine (D:10)
  Fannar (D:12)
  A rakshasa (D:14)
  A hydra (D:14)
  A catoblepas (D:14)
  Harold (D:9)
  Erolcha (D:9)
  A boulder beetle (D:11)
  2 centaur warriors
  A two-headed ogre (D:11)
  Urug (D:11)
  Nergalle (D:11)
  Amaemon (D:11)
  A sea snake (D:11)
  An arcanist (D:14)
  An ugly thing (D:12)
  Joseph (D:10)
  A rust devil (D:10)
  A gargoyle (D:12)
  An unseen horror (D:12)
  2 ice devils (D:10)
  A komodo dragon (D:9)
  A tengu conjurer (D:14)
  3 kobold demonologists
  A red devil (D:11)
  2 trolls (D:11)
  2 hellwings (D:10)
  3 meliai (D:13)
  A shadow (D:11)
  3 wyverns
  2 vampires
  A ynoxinul (D:10)
  4 wraiths
  2 steam dragons (D:8)
  17 yaks
  A redback (D:8)
  4 vampire mosquitoes (D:11)
  2 acid dragons
  4 water moccasins
  2 black bears
  5 orc warriors
  2 ice beasts
  4 ogres
  8 centaurs
  A phantom (D:5)
  6 kobold brigands
  7 bullfrogs
  A gnoll sergeant (D:11)
  3 scorpions
  10 wights
  30 killer bees
  4 howler monkeys
  4 quasits (D:10)
  A gnoll bouda (D:6)
  3 hounds
  3 jellies
  14 orc priests
  A sleepcap (D:5)
  Terence (D:3)
  4 iguanas
  8 orc wizards
  A howler monkey zombie (D:8)
  9 gnolls
  6 adders
  4 ufetubi (D:6)
  3 worms
  4 dart slugs
  33 orcs
  11 endoplasms
  3 goblins
  13 hobgoblins
  18 kobolds
  4 quokkas
  10 ball pythons
  4 frilled lizards
  A rat (D:3)
323 creatures vanquished.

Vanquished Creatures (others)
  A human (D:14)
1 creature vanquished.

Grand Total: 324 creatures vanquished

Notes
Turn   | Place    | Note
-------+----------+-------------------------------------------
     0 | D:1      | miscthings the Troll Shapeshifter began the quest for the
                  | Orb.
     0 | D:1      | Reached XP level 1. HP: 18/18 MP: 0/0
   161 | D:1      | Found a faded altar of an unknown god.
   261 | D:1      | Reached XP level 2. HP: 26/26 MP: 1/1
   896 | D:2      | Reached skill level 4 in Shapeshifting
   939 | D:2      | Reached XP level 3. HP: 32/32 MP: 2/2
   954 | D:2      | Found a shadowy altar of Dithmenos.
  1447 | D:3      | Noticed an ogre
  1459 | D:3      | Killed an ogre
  1460 | D:3      | Reached skill level 5 in Shapeshifting
  1460 | D:3      | Reached XP level 4. HP: 40/40 MP: 3/3
  1493 | D:3      | Reached XP level 5. HP: 46/46 MP: 4/4
  1516 | D:3      | Found a hide-covered altar of Uskayaw.
  1537 | D:3      | Noticed Terence
  1545 | D:3      | Killed Terence
  1571 | D:3      | Found Oggif's Magic Scroll Boutique.
  1774 | D:3      | Reached skill level 6 in Shapeshifting
  1866 | D:3      | Found Doutaty's Antique Weapon Boutique.
  1873 | D:3      | Found Jiaf's Armour Boutique.
  1925 | D:3      | Bought a +0 kite shield for 49 gold pieces
  2473 | D:4      | Reached XP level 6. HP: 44/54 MP: 5/5
  2850 | D:5      | Entered Level 5 of the Dungeon
  2928 | D:5      | Reached skill level 7 in Shapeshifting
  2928 | D:5      | Reached skill level 1 in Fighting
  2950 | D:5      | Reached skill level 1 in Evocations
  2950 | D:5      | Reached XP level 7. HP: 62/62 MP: 6/6
  2957 | D:5      | Reached skill level 1 in Armour
  3157 | D:5      | Noticed a vampire
  3166 | D:5      | Killed a vampire
  3167 | D:5      | Reached XP level 8. HP: 72/72 MP: 7/7
  3372 | D:5      | Found a sacrificial altar of Ru.
  3422 | D:5      | Became a worshipper of Ru the Awakened
  3446 | D:5      | Found a large runed translucent door.
  3450 | D:5      | Found a large runed translucent door.
  3641 | D:5      | Found a bloodstained altar of Trog.
  3893 | D:6      | Found a staircase to the Ecumenical Temple.
  4269 | D:6      | Found an opulent altar of Gozag.
  4285 | D:6      | Found a sparkling altar of Nemelex Xobeh.
  4425 | D:7      | Noticed a kobold demonologist
  4425 | D:7      | Noticed a kobold demonologist
  4426 | D:7      | Noticed an ice devil
  4453 | D:7      | Identified the +9 spear "Kequwiu" {flame, *Rage rElec Str+7
                  | SInv}
  4537 | D:7      | Gained mutation: You cannot be stealthy. [Ru sacrifice]
  4759 | D:7      | Reached XP level 9. HP: 62/83 MP: 8/8
  5172 | D:7      | Noticed a soul eater
  5174 | D:7      | Noticed a sun demon
  5176 | D:7      | Noticed a red devil
  5176 | D:7      | Killed a kobold demonologist
  5177 | D:7      | Reached skill level 8 in Shapeshifting
  5177 | D:7      | Noticed an orange demon
  5185 | D:7      | Killed a kobold demonologist
  5426 | D:8      | Identified the +0 scale mail "Koozazin" {rCorr Int+2 Dex+3}
  5514 | D:8      | Identified the +9 flail "Upreklet" {heavy, +Blink Dex+5}
  5633 | D:8      | Reached skill level 5 in Evocations
  5665 | D:8      | Noticed a two-headed ogre
  5681 | D:8      | a two-headed ogre changed into a redback
  5906 | D:8      | Reached XP level 10. HP: 93/93 MP: 9/9
  6043 | D:8      | Gained mutation: You are frail. (-10% HP) [potion of
                  | mutation]
  6044 | D:8      | Lost mutation: You are frail. (-10% HP) [potion of
                  | mutation]
  6044 | D:8      | Gained mutation: You are strong-willed. (Will+) [potion of
                  | mutation]
  6245 | D:9      | Found a staircase to the Lair.
  6279 | D:8      | Reached skill level 9 in Shapeshifting
  6325 | D:9      | Gained mutation: You cannot study or cast Air magic. [Ru
                  | sacrifice]
  6325 | D:9      | Gained mutation: You cannot study or cast Transmutations
                  | magic. [Ru sacrifice]
  6325 | D:9      | Gained mutation: You cannot study or cast Summoning magic.
                  | [Ru sacrifice]
  6325 | D:9      | Reached * piety under Ru
  6546 | D:9      | Reached skill level 10 in Shapeshifting
  6767 | D:9      | Noticed Erolcha
  6780 | D:9      | Killed Erolcha
  6953 | D:9      | Found a staircase to the Orcish Mines.
  7059 | D:9      | Noticed Harold
  7087 | D:9      | Reached skill level 5 in Dodging
  7088 | D:9      | Killed Harold
  7089 | D:9      | Reached XP level 11. HP: 35/101 MP: 10/10
  7165 | D:9      | Reached skill level 5 in Fighting
  7398 | D:10     | Entered Level 10 of the Dungeon
  7551 | D:10     | Reached skill level 5 in Armour
  7607 | D:10     | Noticed Josephine
  7690 | D:10     | Noticed Joseph
  7708 | D:10     | Killed Joseph
  7917 | D:10     | Killed Josephine
  8295 | D:11     | Noticed a two-headed ogre
  8295 | D:11     | Noticed a boulder beetle
  8307 | D:11     | Killed a two-headed ogre
  8313 | D:11     | Killed a boulder beetle
  8433 | D:11     | Noticed a two-headed ogre
  8435 | D:11     | Identified the +1 robe of Chimes {rC+}
  8436 | D:11     | a two-headed ogre changed into a sea snake
  8436 | D:11     | Noticed a sea snake
  8448 | D:11     | Killed a sea snake
  8554 | D:11     | Noticed Amaemon
  8570 | D:11     | Killed Amaemon
  8571 | D:11     | Reached XP level 12. HP: 114/114 MP: 11/11
  8654 | D:11     | Reached skill level 11 in Shapeshifting
  9019 | D:11     | Noticed Urug
  9049 | D:11     | Killed Urug
  9060 | D:11     | Noticed Nergalle
  9072 | D:11     | Killed Nergalle
  9419 | D:12     | Noticed Fannar
  9436 | D:12     | Killed Fannar
  9564 | D:12     | Found Ociloes's Antique Armour Shoppe.
  9828 | D:12     | You fall into a shaft and drop 2 floors!
  9879 | D:14     | Noticed a rakshasa
  9884 | D:14     | Noticed a catoblepas
  9909 | D:14     | Killed a catoblepas
  9921 | D:14     | Killed a rakshasa
  9967 | D:14     | Noticed a centaur warrior
  9979 | D:14     | Killed a centaur warrior
 10004 | D:14     | Found Soupejuh's Distillery.
 10013 | D:14     | Bought a potion of might for 72 gold pieces
 10013 | D:14     | Noticed a four-headed hydra
 10031 | D:14     | Killed a ten-headed hydra
 10081 | D:13     | Noticed a centaur warrior
 10091 | D:13     | Noticed Snorg
 10093 | D:13     | Killed a centaur warrior
 10113 | D:13     | HP: 3/118 [meliai/+0 hand axe (5)]
 10115 | D:13     | Slain by Snorg

Illustrated notes

Levels and vault maps discovered:
D:1:      matt_arrival_los_fun, layout_loops_cross,
          hellmonk_ecumenical_altar_lost_god, minmay_fountain_box
D:2:      layout_loops_ring, basic_altar, nrook_campfire,
          nicolae_elevator_lobby_asterisk
D:3:      cheibrodos_fertilizer, layout_loops_ring,
          mainiacjoe_overflow_24_doors, serial_shops, nicolae_shop_waterfront,
          nicolae_shop_tiny_glass, shop_fountains, uniq_terence
D:4:      layout_basic
D:5:      layout_basic, trog_hazing_becter, nicolae_ru_the_path_less_chosen,
          jmf_multi_god_temple2
D:6:      layout_basic, grunt_temple_overflow_opulence,
          minmay_temple_entry_ruins
D:7:      layout_gridville
D:8:      layout_loops_corners, serial_undead, serial_undead_c, serial_undead_b,
          serial_undead_c, serial_undead_b, minmay_fractal_squares_5
D:9:      layout_stronghold, due_lair_maze_entry_diamond, uniq_erolcha,
          uniq_harold
D:10:     layout_roguey, serial_demonic, serial_demonic_d, serial_demonic_e,
          serial_demonic_g, serial_demonic_b, serial_demonic_g,
          serial_demonic_a, uniq_josephine, uniq_joseph
D:11:     minmay_recursive_quarters, layout_basic, uniq_urug, uniq_nergalle,
          uniq_amaemon
D:12:     layout_small_grid, serial_shops, nicolae_shop_hallway_plus,
          uniq_fannar
D:13:     layout_small_grid, uniq_snorg, uniq_lodul, uniq_jorgrun
D:14:     layout_basic, ximxim_vaults_locker_room, serial_shops,
          nicolae_shop_industrial_runoff, minmay_crystal_room,
          minmay_fractal_squares_diagonal_5

Skill      XL: |  1  2  3  4  5  6  7  8  9 10 11 12 |
---------------+-------------------------------------+-----
Shapeshifting  | 4 5 6 7 8 10 11 | 11.6
Fighting       | 1 2 3 4 6 7 |  7.2
Evocations     | 1 2 4 5 6 7 9 |  9.4
Armour         | 1 3 4 5 6 |  6.0
Dodging        | 2 3 4 5 6 7 |  7.2
Unarmed Combat | |  3.0

Action                     |  1- 3 |  4- 6 |  7- 9 | 10-12 || total
---------------------------+-------+-------+-------+-------++-------
  Melee: Unarmed           |    74 |   151 |   362 |   808 ||  1395
         Punch             |     2 |       |       |     1 ||     3
 Invoke: Sacrifice Stealth |       |       |     1 |       ||     1
         Sacrifice Arcana  |       |       |       |     1 ||     1
         Reject Sacrifices |       |       |       |     1 ||     1
  Evoke: Wand              |       |       |     8 |    31 ||    39
    Use: Scroll            |     1 |     4 |     8 |    10 ||    23
         Potion            |       |       |     2 |     9 ||    11
   Stab: Sleeping          |       |     1 |       |       ||     1
         Paralysed         |       |       |     3 |    30 ||    33
         Distracted        |       |       |       |     2 ||     2
 Armour: Animal skin       |    25 |    54 |   282 |       ||   361
         Steam dragon scal |       |       |     1 |   206 ||   207
         Skin              |       |       |       |     7 ||     7
         Acid dragon scale |       |       |       |   241 ||   241
  Dodge: Dodged            |    40 |    90 |   397 |   947 ||  1474
  Block: Kite shield       |       |    34 |       |     2 ||    36
   Form: Flux              |       |     1 |     1 |     1 ||     3
         Blade             |       |       |     1 |     1 ||     2

Table legend: (Time is in decaauts)
 A = Elapsed time spent in this place.
 B = Non-inter-level travel time spent in this place.
 C = Inter-level travel time spent in this place.
 D = Time resting spent in this place.
 E = Time spent auto-exploring this place.
 F = Levels seen in this place.
 G = Mean time per level.
                   A        B        C        D        E       F      G
               +--------+--------+--------+--------+--------+-----+--------+
         Total |  10075 |   9600 |    475 |    169 |   6638 |  14 |  719.6 |
       Dungeon |  10075 |   9600 |    475 |    169 |   6638 |  14 |  719.6 |
               +--------+--------+--------+--------+--------+-----+--------+

Top non-repeatable levels by time:
    D:11: 1095 daAuts
     D:8: 1077 daAuts
     D:9: 1063 daAuts
     D:7: 868 daAuts
     D:5: 862 daAuts
     D:1: 832 daAuts
    D:10: 825 daAuts
     D:3: 818 daAuts
     D:6: 652 daAuts
     D:2: 602 daAuts
     D:4: 594 daAuts
    D:12: 499 daAuts
    D:14: 219 daAuts
    D:13: 62 daAuts
